 Dungeon Crawl Stone Soup version 0.31-a0-121-g1e386dd289 (webtiles) character file.

Game seed: 3230788914711804877

37 senseless the Insei (level 3, -3/27 HPs)
             Began as a Merfolk Transmuter on May 31, 2023.
             Slain by a worm (11 damage)
             ... on level 2 of the Dungeon.
             The game lasted 00:02:59 (1023 turns).

senseless the Insei (Merfolk Transmuter)            Turns: 1023, Time: 00:03:00

Health: -3/27      AC:  2    Str: 10    XL:     3   Next: 39%
Magic:  5/6        EV: 13    Int: 14    God:
Gold:   21         SH:  0    Dex: 14    Spells: 3/6 levels left

rFire   . .          .
                       - Unarmed
rCold   . . .        (no shield)
rNeg    . . .        a - +0 robe
rPois   .            (helmet currently unavailable)
rElec   .            (no cloak)
rCorr   .            (no gloves)
SInv    .            (boots currently unavailable)
Will    .....        (no amulet)
Stlth   +            (no ring)
HPRegen 0.24/turn    (no ring)
MPRegen 0.10/turn

%: no passive effects
@: appendages
A: horns 2, (nimble swimmer 2), mertail
a: End Transformation


You were on level 2 of the Dungeon.
You had temporarily grown beastly horns.
You visited 1 branch of the dungeon, and saw 2 of its levels.

You collected 21 gold pieces.

Inventory:

Armour
 a - a +0 robe (worn)
Scrolls
 e - 2 scrolls of identify {unknown}
 g - a scroll of magic mapping {unknown}
Potions
 b - a potion of lignification
 c - a potion of ambrosia {unknown}
 d - a potion of heal wounds {unknown}
 f - a potion of haste {unknown}


   Skills:
 + Level 1.8 Fighting
 + Level 3.2 Dodging
 + Level 3.6 Unarmed Combat
 + Level 2.3 Spellcasting
 + Level 3.2 Transmutations


You had 3 spell levels left.
You knew the following spells:

 Your Spells              Type           Power      Damage    Failure   Level
a - Beastly Appendage     Tmut           20%        N/A       6%          1
b - Wereblood             Tmut           10%        N/A       9%          2

Your spell library contained the following spells:

 Spells                   Type           Power      Damage    Failure   Level
 Ensorcelled Hibernation  Hex/Ice        2%         N/A       34%         2
 Spider Form              Tmut/Pois      6%         N/A       34%         3
 Ice Form                 Ice/Tmut       6%         N/A       75%         4
 Anguish                  Hex/Necr       0%         N/A       92%         4


Dungeon Overview and Level Annotations

Branches:
Dungeon (2/15)

Altars:


Innate Abilities, Weirdness & Mutations

You have temporarily grown beastly horns.
((You are very nimble when in or above water. (Stealth+, EV+, Speed+++)))
Your lower body shifts to a powerful aquatic tail in water.


Message History

You kill the giant cockroach!
No target in view!
Your transformation is almost over.
Your horns disappear.
A worm comes into view.
You grow a pair of large bovine horns.
The worm bites you but does no damage.
You hit the worm.
The worm is moderately wounded.
The worm barely misses you.
You barely miss the worm.
The worm is moderately wounded.
You barely miss the worm. Your headbutt misses the worm.
Your punch misses the worm.
The worm is moderately wounded.
Your transformation is almost over.
The worm bites you.
You hit the worm.
The worm is moderately wounded.
You barely miss the worm.
The worm is moderately wounded.
The worm bites you!
You barely miss the worm.
The worm is lightly wounded.
The worm misses you.
You hit the worm but do no damage. You headbutt the worm!
The worm is heavily wounded.
You extend your transformation's duration.
The worm closely misses you.
You hit the worm.
The worm is severely wounded.
You hit the worm but do no damage. You headbutt the worm.
The worm is severely wounded.
The worm bites you!
* * * LOW HITPOINT WARNING * * *
You are too injured to fight recklessly!
You hit the worm.
The worm is almost dead.
The worm bites you!
You die...

.......#.########
##...............
#..####.........
##...............
.................
.....#.###########
#...[#.# ..#
#....#.# #w#
#....#.# #.#@#
#.#.##.# #.#.#
#...##.# #.#.#.#
######.## #.#.#.#
........# #.#.#.#
#####...## #.#.#.#
.# #....# #^#.#.#
.# #....# #.#...#
.# #....#
#.#.######


You could see a worm.

Vanquished Creatures
  A worm (D:2)
  3 dart slugs (D:1)
  4 ball pythons
  6 endoplasms (D:1)
  A giant cockroach (D:2)
  A goblin (D:2)
  A hobgoblin (D:1)
  A quokka (D:2)
  2 bats (D:1)
  A frilled lizard (D:1)
  A kobold (D:2)
  3 rats (D:1)
25 creatures vanquished.

Notes
Turn   | Place    | Note
-------+----------+-------------------------------------------
     0 | D:1      | senseless the Merfolk Transmuter began the quest for the
                  | Orb.
     0 | D:1      | Reached XP level 1. HP: 15/15 MP: 3/3
   150 | D:1      | Reached XP level 2. HP: 20/21 MP: 3/5
   498 | D:1      | Reached XP level 3. HP: 26/26 MP: 4/6
   501 | D:1      | Learned a level 2 spell: Wereblood
  1023 | D:2      | Slain by a worm

Illustrated notes

Levels and vault maps discovered:
D:1:      lightli_arrival_statue_moat, layout_rooms,
          minmay_misc_feat_four_crosses, minmay_misc_feat_doors,
          grunt_decor_resistance
D:2:      layout_basic

Skill      XL: |  1  2 |
---------------+-------+-----
Transmutations | 3 |  3.2
Dodging        | 3 |  3.2
Fighting       | |  1.8
Unarmed Combat | |  3.6
Spellcasting   | |  2.3

Action                     || total
---------------------------++-------
  Melee: Unarmed           ||    83
         Headbutt          ||    17
         Punch             ||     2
   Cast: Beastly Appendage ||    20
   Stab: Sleeping          ||     1
 Armour: Robe              ||     8
  Dodge: Dodged            ||    33

Table legend: (Time is in decaauts)
 A = Elapsed time spent in this place.
 B = Non-inter-level travel time spent in this place.
 C = Inter-level travel time spent in this place.
 D = Time resting spent in this place.
 E = Time spent auto-exploring this place.
 F = Levels seen in this place.
 G = Mean time per level.
                   A        B        C        D        E       F      G
               +--------+--------+--------+--------+--------+-----+--------+
         Total |   1016 |    995 |     21 |      0 |    809 |   2 |  508.0 |
       Dungeon |   1016 |    995 |     21 |      0 |    809 |   2 |  508.0 |
               +--------+--------+--------+--------+--------+-----+--------+

Top non-repeatable levels by time:
     D:1: 721 daAuts
     D:2: 294 daAuts
